 Dungeon Crawl Stone Soup version 0.20-a0-927-g1ae2c61 (webtiles) character file.

74 Hasart the Gusty (level 4, -8/27 HPs)
             Began as an Octopode Air Elementalist on Mar 29, 2017.
             Killed from afar by Natasha (9 damage)
             ... with a magic dart
             ... on level 2 of the Dungeon.
             The game lasted 00:06:12 (2708 turns).

Hasart the Gusty (Octopode Air Elementalist)        Turns: 2708, Time: 00:06:13

Health: -8/27      AC:  1    Str:  7    XL:     4   Next: 30%
Magic:  5/8        EV: 14    Int: 18    God:
Gold:   130        SH:  0    Dex: 12    Spells: 5/8 levels left

rFire    . . .     SeeInvis .   d - +0 spear
rCold    . . .     Gourm    .   (no shield)
rNeg     . . .     Faith    .   (helmet restricted)
rPois    .         Spirit   .   (no amulet)
rElec    .         Reflect  .   (no ring)
rCorr    .         Harm     .   (no ring)
MR       .....                  (no ring)
Stlth    +++.......             (no ring)
Regen    0.1/turn               (no ring)
MPRegen  0.2/turn               (no ring)
                                (no ring)
                                (no ring)

@: no status effects
A: almost no armour, stealthy swim, amphibious, 8 rings, constrict 8, camouflage
1, gelatinous body 1
a: no special abilities


You were on level 2 of the Dungeon.
You were not hungry.

You visited 1 branch of the dungeon, and saw 2 of its levels.

You collected 130 gold pieces.

Inventory:

Hand Weapons
 d - a +0 spear (weapon)
Scrolls
 c - a scroll of blinking {unknown}
 e - 2 scrolls of identify {unknown}
 f - a scroll of enchant armour {unknown}
 g - a scroll of amnesia {unknown}
 h - a scroll of teleportation {unknown}
 i - a scroll of remove curse {unknown}
Potions
 k - a potion of degeneration {unknown}
 m - a potion of heal wounds {unknown}
 n - a potion of haste {unknown}
Books
 a - a book of Air

   Spells                             Type                      Level
   a - Shock                          Conjuration/Air              1
   b - Swiftness                      Charms/Air                   2
   c - Static Discharge               Conjuration/Air              3
   d - Airstrike                      Air                          4
   e - Lightning Bolt                 Conjuration/Air              5
Comestibles
 b - 2 bread rations
 j - a fruit
 l - a royal jelly
 p - a meat ration


   Skills:
 + Level 2.6 Dodging
 - Level 2.6 Stealth
 + Level 2.6 Spellcasting
 - Level 1.0 Conjurations
 * Level 4.2 Air Magic


You had 5 spell levels left.
You knew the following spells:

 Your Spells              Type           Power        Failure   Level  Hunger
a - Shock                 Conj/Air       ##..         8%          1    #......
b - Swiftness             Chrm/Air       #.......     12%         2    ##.....


Dungeon Overview and Level Annotations

Branches:
Dungeon (2/15)

Altars:
Cheibriados
Xom
Yredelemnul

Annotations:
D:2 Natasha


Innate Abilities, Weirdness & Mutations

You cannot wear most types of armour.
You are very stealthy in the water. (Stealth+)
You are amphibious.
You can wear up to eight rings at the same time.
You can use your tentacles to constrict eight enemies at once.
Your skin changes colour to match your surroundings (Stealth+).
Your rubbery body absorbs attacks. (AC +1, EV +1)


Message History

You hit Natasha but do no damage. Your grab misses Natasha.
Natasha is moderately wounded.
Natasha claws you. The kobold misses you. The goblin misses you.
You closely miss Natasha. Your grab misses Natasha.
Natasha is moderately wounded.
Natasha casts a spell.
The kobold hits you with a club. The goblin hits you but does no damage.
You closely miss Natasha. Your grab misses Natasha.
Natasha is moderately wounded.
Natasha claws you!
* * * LOW HITPOINT WARNING * * *
The kobold hits you with a club.
* * * LOW HITPOINT WARNING * * *
The goblin hits you with a club.
* * * LOW HITPOINT WARNING * * *
You closely miss Natasha. Your grab misses Natasha. You squeeze Natasha!
Natasha is almost dead.
Natasha casts a spell at you. The magic dart hits you!
You die...

#.... #.... ########
##### #......# ######
#.. #..>...# #<...## ##.
#......####.##..#####
#......#....###......
...#...K................
......g@..........###...
_.....h................#
.......5.(.......>......
...................##...
⌠.._..#####...........##
...... #....[...#####
...... ####.....## #
_....# #......##
#.......###


You could see Natasha, a crimson imp, a goblin and a kobold.

Vanquished Creatures
  3 adders (D:2)
  2 oozes
  6 bats
  2 giant cockroaches (D:1)
  6 hobgoblins
  6 kobolds
  4 frilled lizards
  6 goblins
  7 rats
42 creatures vanquished.

Notes
Turn   | Place    | Note
-------+----------+-------------------------------------------
     0 | D:1      | Hasart the Octopode Air Elementalist began the quest for the Orb.
     0 | D:1      | Reached XP level 1. HP: 11/11 MP: 3/3
   432 | D:1      | Reached XP level 2. HP: 6/17 MP: 0/5
  1152 | D:1      | Learned a level 2 spell: Swiftness
  1266 | D:1      | Reached XP level 3. HP: 21/21 MP: 6/6
  2109 | D:2      | Reached skill level 4 in Air Magic
  2311 | D:2      | Reached XP level 4. HP: 27/27 MP: 1/8
  2697 | D:2      | Found a basalt altar of Yredelemnul.
  2699 | D:2      | Noticed Natasha
  2700 | D:2      | Found a shimmering altar of Xom.
  2700 | D:2      | Found a snail-covered altar of Cheibriados.
  2707 | D:2      | HP: 1/27 [goblin/club (3)]
  2708 | D:2      | Killed from afar by Natasha

Vault maps used:
D:1:      wheals_arrival_shading, minmay_door_square
D:2:      grunt_temple_overflow_open, first_bread, uniq_natasha

Skill      XL: |  1  2  3 |
---------------+----------+-----
Air Magic      | 4 |  4.2
Dodging        | |  2.6
Stealth        | |  2.6
Spellcasting   | |  2.6
Conjurations   | |  1.0

Action                   |  1- 3 |  4- 6 || total
-------------------------+-------+-------++-------
Melee: Spear             |    72 |    17 ||    89
       Tentacles         |    12 |     2 ||    14
       Unarmed           |     4 |       ||     4
       Constrict         |    14 |     3 ||    17
 Cast: Shock             |    21 |    16 ||    37
 Stab: Sleeping          |     5 |     1 ||     6
  Eat: Chunk             |     4 |     2 ||     6
Armor: Skin              |     7 |     2 ||     9
Dodge: Dodged            |    43 |    16 ||    59
